[Event "Early-Titled-Tuesday-Blitz-September-12-2023"]
[Site "Chess.com"]
[Date "2023.09.12"]
[Round "6"]
[White "FredddieCroderg"]
[Black "Mikhail_Golubev"]
[Result "0-1"]
[WhiteElo "2307"]
[BlackElo "2598"]
[TimeControl "180+1"]
[EndTime "9:07:46 PDT"]
[Termination "Mikhail_Golubev won on time"]

1. e4 c5 2. Nf3 d6 3. d4 cxd4 4. Nxd4 Nf6 5. Nc3 Nc6 6. Bg5 e6 7. Qd2 a6 8. O-O-O Bd7 9. f4 Be7 10. Nf3 b5 11. e5 b4 12. exf6 bxc3 13. Qxc3 gxf6 14. Bh4 Rg8 15. Bg3 f5 16. Bc4 d5 17.
Bb3 a5 18. Ba4 Nb4 19. Qb3 Rc8 20. c3 Rc4 21. Kb1 Bxa4 22. Qxa4+ Nc6 23. Qb5 Qb8 24.
Qxb8+ Nxb8 25. Ne5 Rc8 26. Rhg1 Nd7 27. Nxd7 Kxd7 28.
Bf2 Rc4 29. Bd4 Bd6 30. g3 a4 31. b3 Rb8 32. Kc2 Rc6 33. Rge1 h5 34. Be5 Bxe5 35. Rxe5 axb3+ 36. axb3 Ra8 37. Rb1 Ra2+ 38. Rb2 Ra1 39. Rb1 Rxb1 40. Kxb1 Rxc3 41. Kb2 d4 42. Ra5 Re3 43.
Ra4 Re2+ 44. Kc1 Rxh2 45. Rxd4+ Kc6 46. Rc4+ Kd6 47. Rd4+ Kc5 48. Rd7 Kb4 49. Rxf7 Kxb3 50. Rf6 Kc3 51. Kb1 Re2 52. Rh6 Re1+ 53. Ka2 Kd4 54.
Rxh5 Kd5 55. Kb2 Ke4 56. Kc2 Kf3 57. Rg5 Rg1 58. Rg6 Rxg3 59. Rxe6 Kxf4 60. Kd2 Kf3 61. Re3+ Kf2 62. Re2+ Kf3 63. Re3+ Kg2 64. Re5 f4 65.
Rf5 f3 66. Ke1 Rg4 67. Rf6 Re4+ 68. Kd1 f2 69. Rg6+ Kf3 70. Rf6+ Ke3 71. Rf7 Rd4+ 72. Kc2 Ke2 73. Re7+ Kf3 74. Rg7 Rc4+ 75. Kd3 f1=Q+ 0-1

[Event "Early-Titled-Tuesday-Blitz-September-12-2023"]
[Site "Chess.com"]
[Date "2023.09.12"]
[Round "6"]
[White "tetrix83"]
[Black "Hope_6"]
[Result "0-1"]
[WhiteElo "2535"]
[BlackElo "2697"]
[TimeControl "180+1"]
[EndTime "9:07:48 PDT"]
[Termination "Hope_6 won by resignation"]

1. e4 c5 2. Nf3 e6 3. g3 Nc6 4. Bg2 Nf6 5. d3 d5 6. Qe2 Be7 7. O-O O-O 8. e5 Nd7 9. c4 d4 10. h4 Qc7 11. Bf4 b6 12. h5 Bb7 13.
h6 g6 14. Nbd2 Rae8 15. Rfe1 Kh8 16. Ne4 Nb4 17. a3 Bxe4 18. dxe4 Nc6 19. Qd2 Ndxe5 20. Nxe5 Nxe5 21. b4 f6 22. Bxe5 Qxe5 23. b5 g5 24. Bf3 Rg8 25. Bh5 Ref8 26. Qe2 d3 27. Qxd3 g4 28.
Qd7 Qxh5 29. Qxe7 Qxh6 30. Qxe6 Re8 31. Qd6 Qg7 32. Rad1 Qe7 33. Qc6 Rd8 34. Rd5 Rge8 35. Red1 Rc8 36. Qd6 Qxd6 37. Rxd6 Rc7 38. Rxf6 Rxe4 39.
Rc6 Rf7 40. Rcd6 Rxc4 41. Rd7 Rxd7 42. Rxd7 Ra4 43. Rd3 Kg7 44. Kf1 Kf6 45. Ke2 Ke5 46.
Rd7 Rxa3 47. Rxh7 Ra5 48. Rg7 Kf5 49. Rf7+ Kg5 50. Rg7+ Kf5 51. Rf7+ Ke6 52. Rg7 Ra4 53. Ke3 Rb4 54. Rxa7 Rxb5 55. Rg7 Rb4 56. f3 gxf3 57. Kxf3 Kd5 58. Rf7 Rb1 59. Ke3 b5 60. g4 b4 61.
g5 Rg1 62. Rf5+ Kc4 63. Kf2 Rg4 64. Kf3 Rg1 65. Kf2 Rh1 66. g6 Rh8 67. g7 Rg8 68. Rg5 b3 69. Ke2 b2 70. Rg1 Rxg7 0-1

[Event "Early-Titled-Tuesday-Blitz-September-12-2023"]
[Site "Chess.com"]
[Date "2023.09.12"]
[Round "6"]
[White "FeketeBarika"]
[Black "ChessTankMan"]
[Result "0-1"]
[WhiteElo "2392"]
[BlackElo "2531"]
[TimeControl "180+1"]
[EndTime "9:07:50 PDT"]
[Termination "ChessTankMan won by resignation"]

1. Nf3 d5 2. g3 Bg4 3. Bg2 Nd7 4. h3 Bxf3 5. Bxf3 c6 6. c4 Ne5 7. cxd5 Nxf3+ 8. exf3 Qxd5 9. Nc3 Qd3 10. Qe2 O-O-O 11. Qxd3 Rxd3 12. Ke2 Rd8 13. d3 g6 14. Be3 b6 15.
Rac1 Kb7 16. d4 Bg7 17. Rhd1 Nf6 18. Ne4 Nd5 19. a3 h6 20. h4 f5 21. Nd2 Rhe8 22. Nc4 e5 23. dxe5 Bxe5 24. f4 Bf6 25. Kf3 Re4 26. Rd3 Kc7 27. b4 Kb7 28. Rc2 Kc7 29.
Rc1 Nxe3 30. Rxd8 Nxc4 31. Rf8 Nd2+ 32. Kg2 Re6 33. b5 c5 34. Rf7+ Be7 35. Rd1 Ne4 36.
Rd3 c4 37. Rd4 c3 38. Rc4+ Kd7 39. Rh7 h5 40. f3 Nd2 41. Rxc3 Re2+ 42. Kg1 Ke6 43.
Rc6+ Kd5 44. Rxe7 Nxf3+ 45. Kf1 Rxe7 46. Rxg6 Nd2+ 47. Kf2 Ne4+ 48. Kg2 Nc3 49. Rg5 Ke4 50. Rxh5 Nxb5 51. g4 Rg7 52. Rg5 Rf7 53. Kg3 Nd6 54.
h5 fxg4 55. Rxg4 Nf5+ 56. Kf2 Rh7 57. Rg5 Kxf4 58. Rg6 Rxh5 59. Rf6 Ke5 60. Rf7 Rh2+ 61. Kf3 a5 62. a4 Ra2 63. Rb7 Rxa4 64. Rxb6 Nd4+ 65.
Ke3 Kd5 66. Kd3 Ra3+ 67. Kd2 a4 68. Rb8 Nc6 69. Rc8 Rh3 70. Kc2 Nb4+ 71. Kb2 a3+ 72. Kc1 Rh1+ 73. Kd2 a2 74. Rd8+ Kc6 75. Rc8+ Kb7 0-1

[Event "Early-Titled-Tuesday-Blitz-September-12-2023"]
[Site "Chess.com"]
[Date "2023.09.12"]
[Round "6"]
[White "S-Fazulyanov"]
[Black "Vesper2018"]
[Result "0-1"]
[WhiteElo "2455"]
[BlackElo "2601"]
[TimeControl "180+1"]
[EndTime "9:07:56 PDT"]
[Termination "Vesper2018 won by resignation"]

1. e4 c5 2. Nf3 d6 3. d4 cxd4 4.
Nxd4 Nf6 5. Nc3 a6 6. g3 e5 7.
Nb3 Be7 8. Bg2 O-O 9. O-O b5 10. Bg5 Nbd7 11. h3 Bb7 12. Qd3 Rc8 13. Bxf6 Nxf6 14.
a4 b4 15. Nd5 Nxd5 16. exd5 f5 17. Nd2 Qc7 18. Rfc1 Bf6 19. Qxf5 e4 20. Qe6+ Kh8 21.
Rab1 Rce8 22. Qg4 e3 23. fxe3 Rxe3 24. c4 bxc3 25. bxc3 Rxc3 26. Rxc3 Qxc3 27. Ne4 Qd4+ 28. Kh2 Bc8 29. Rb8 h5 30. Qxh5+ Kg8 31. Nxf6+ Qxf6 32. Qe2 Qf7 33. Qb2 Qe7 34. Qc3 Qd7 35. Qc6 Qxc6 36. dxc6 Be6 37. Rxf8+ Kxf8 38. c7 Bc8 39. g4 Ke7 40.
Bc6 Ke6 41. Kg3 d5 42. Kf3 Kd6 43. Be8 Kxc7 44. Ke3 Kd6 45. Kd4 Be6 46. Bg6 a5 47.
Bf5 Bf7 48. h4 Be8 49. h5 Bxa4 50. g5 Ke7 51. Kd3 Bb5+ 52. Kd4 Be2 53. Kxd5 Bxh5 54. Kc5 Bd1 55. Kb5 a4 56. Kb4 Kd6 57. Ka3 Ke5 58. Bg6 Kf4 59. Be8 Kxg5 60. Kb2 Kf4 61. Kc1 Bb3 62. Kb2 g5 63. Kc3 g4 64. Bd7 g3 65.
Bc6 Ke3 66. Bg2 Kf2 67. Bh3 Bd1 68. Kd2 Bg4 69. Bg2 Kxg2 0-1

[Event "Early-Titled-Tuesday-Blitz-September-12-2023"]
[Site "Chess.com"]
[Date "2023.09.12"]
[Round "6"]
[White "chess123456s"]
[Black "Rickstereo"]
[Result "0-1"]
[WhiteElo "2612"]
[BlackElo "2537"]
[TimeControl "180+1"]
[EndTime "9:07:58 PDT"]
[Termination "Rickstereo won by resignation"]

1. c4 g6 2. Nf3 Bg7 3. g3 c5 4.
Bg2 Nc6 5. O-O e5 6. Nc3 Nge7 7. d3 d6 8. Rb1 O-O 9. a3 a5 10. e4 h6 11. Nd5 Nxd5 12. cxd5 Ne7 13. b4 cxb4 14. axb4 a4 15. b5 Bd7 16. Nd2 Ra5 17.
Ba3 Nc8 18. Nc4 Rxb5 19. Nxd6 Nxd6 20. Bxd6 Re8 21. Ba3 Qb6 22. Rxb5 Bxb5 23. Qb1 Qa6 24. Rd1 Bf8 25. Bxf8 Rxf8 26. Qb2 Bxd3 27. Qxe5 a3 28. d6 a2 29. d7 Qb6 30. Bf3 Qb1 31. Kg2 b5 32. Qf6 Kh7 33. h4 h5 34. d8=Q Rxd8 35. Qxf7+ Kh8 36. Qf6+ Kh7 37. Qe7+ Kh6 38. Qg5+ Kg7 39.
Qe7+ Kh6 40. Qxd8 a1=Q 41. Rxb1 Bxb1 42. Qf8+ Kh7 43. Qe7+ Qg7 44. Qb4 Bd3 45. Qd2 Bc4 46. Qc2 Qe5 47. Qd1 b4 48. Qd7+ Qg7 49. Qc6 Bd3 50. Qb6 Qc3 51. Bd1 Bxe4+ 52. Kg1 Kh6 53. Qe3+ Qxe3 54. fxe3 Bd5 55. Kf2 b3 56. Ke2 b2 57.
Bc2 Ba2 58. Kf3 b1=Q 59. Bxb1 Bxb1 60. Kf4 Kg7 61. g4 Kf6 62. e4 Bd3 63. e5+ Ke6 64.
gxh5 gxh5 65. Kg5 Be2 66. Kf4 Bd1 67. Ke4 Bg4 68. Kf4 Kd5 69. Kg3 Kxe5 70. Kh2 Kf4 71. Kg1 Kg3 0-1

[Event "Early-Titled-Tuesday-Blitz-September-12-2023"]
[Site "Chess.com"]
[Date "2023.09.12"]
[Round "6"]
[White "whiteglovethief"]
[Black "lamomiajunior"]
[Result "1-0"]
[WhiteElo "2554"]
[BlackElo "2704"]
[TimeControl "180+1"]
[EndTime "9:07:59 PDT"]
[Termination "whiteglovethief won on time"]

1. d4 Nf6 2. c4 e6 3. Nf3 d5 4. g3 Bb4+ 5. Bd2 a5 6. Bg2 O-O 7. O-O dxc4 8. a4 b6 9. Na3 Bxa3 10. Rxa3 Bb7 11. Qc2 Bd5 12. Bg5 Nbd7 13. Rd1 h6 14. Bxf6 Nxf6 15. Ne5 Bxg2 16. Kxg2 Qd5+ 17.
Kg1 c5 18. Qxc4 cxd4 19. Qxd5 Nxd5 20. Rxd4 Rfc8 21. Rb3 Rc7 22. e4 Nb4 23. Rd7 Rac8 24. Rc3 Rxc3 25. bxc3 Rxc3 26. Nxf7 Nc6 27. Rc7 Rc4 28. Nd6 Rc5 29. Nb7 Rc4 30. Nd8 Ne5 31. Nxe6 Rxe4 32. Nxg7 Kh8 33. Nh5 Nf3+ 34. Kg2 Ng5 35.
h4 Ne6 36. Rb7 Rb4 37. Nf6 Nf8 38. Rf7 Rxa4 39. Rxf8+ Kg7 40. Rb8 Kxf6 41. Rxb6+ Kg7 42. Ra6 Ra2 43. g4 Ra3 44. f3 a4 45. Kg3 Ra1 46. h5 a3 47. Kf4 Kf7 48. Kf5 a2 49.
Ra7+ Ke8 50. f4 Kd8 51. Kg6 Rg1 52. Rxa2 Rxg4+ 53. Kxh6 Rxf4 54. Re2 Rg4 55. Kh7 Kd7 56. h6 Kd8 57. Kh8 Kd7 58. h7 Kd8 59. Re1 Kd7 60. Re2 Kd8 61. Re1 Kd7 62. Ra1 Ke7 63. Ra8 Kf7 64.
Ra7+ Kf8 65. Ra8+ Kf7 66. Rg8 Rh4 67. Rg7+ Kf8 68. Rg1 Kf7 69. Rf1+ Ke8 70. Kg7 Rg4+ 71. Kh6 Rh4+ 72. Kg6 Rh2 73. Rg1 Kf8 74. Rf1+ Ke7 75.
Rf7+ Ke8 76. Rf5 Ke7 77. Re5+ Kf8 78. Rf5+ Ke7 79. Kg7 Rg2+ 80. Kh6 Ke6 81. Rg5 Rxg5 82. Kxg5 1-0

[Event "Early-Titled-Tuesday-Blitz-September-12-2023"]
[Site "Chess.com"]
[Date "2023.09.12"]
[Round "6"]
[White "Vuk2000"]
[Black "HATilay"]
[Result "1-0"]
[WhiteElo "2764"]
[BlackElo "2560"]
[TimeControl "180+1"]
[EndTime "9:08:00 PDT"]
[Termination "Vuk2000 won by resignation"]

1. d4 Nf6 2. Bg5 d5 3. Bxf6 gxf6 4. e3 c5 5. c4 dxc4 6. Bxc4 cxd4 7. exd4 Bg7 8. Nc3 O-O 9. Nf3 Nc6 10. d5 Ne5 11. Be2 Qb6 12. Qd2 Bd7 13. O-O Rac8 14. Rfe1 Rfe8 15. Rad1 Nc4 16. Bxc4 Rxc4 17. h3 Kh8 18. Ne4 Rg8 19. Ng3 Bf8 20. Kh2 Rb4 21. b3 Qd6 22.
Re3 Bh6 23. Qc3 Bxe3 24. Qxe3 a5 25. Kg1 a4 26. Rd4 axb3 27. axb3 Rxd4 28. Qxd4 Rc8 29. Nf1 Qc5 30. Qe4 f5 31. Qe5+ f6 32. Qe1 Re8 33. Ne3 f4 34. Nc4 Qxd5 35. Nb6 Qe6 36. Qb4 Bc6 37.
Nd4 Qd6 38. Qc4 e6 39. Na4 Bd5 40. Qb5 Rg8 41. f3 Qe5 42. Qd3 Qe3+ 43. Qxe3 fxe3 44. Kf1 f5 45. Ne2 e5 46. Nc5 f4 47. Nd3 Re8 48. b4 Bc6 49. Nc3 Kg7 50. Ke2 Kf6 51. b5 Bd7 52. Ne4+ Ke6 53. Nec5+ Kd6 54. Nxb7+ Kd5 55. b6 Bb5 56. Nc5 Bxd3+ 57. Nxd3 Rb8 58. Nb4+ Kc4 59.
Nc6 Rxb6 60. Nxe5+ Kd4 61. Nd3 Rf6 62. h4 h5 63. Ne1 Rf5 64. Nd3 Rf6 65. Nb4 Rb6 66. Nd3 Rb3 67. Nxf4 Rb2+ 68. Ke1 Rd2 69. Ne2+ Kd3 70.
Nf4+ Kc2 71. g4 hxg4 72. fxg4 Rh2 73. h5 Kc3 74. g5 Kd4 75. g6 Ke4 76. g7 Rh1+ 77. Ke2 Rg1 78. Ng6 Rg2+ 79. Kf1 Kf3 80. Nh4+ Kg3 81. Nxg2 e2+ 82. Kxe2 1-0

[Event "Early-Titled-Tuesday-Blitz-September-12-2023"]
[Site "Chess.com"]
[Date "2023.09.12"]
[Round "6"]
[White "shimastream"]
[Black "SchmakAttack"]
[Result "1/2-1/2"]
[WhiteElo "2950"]
[BlackElo "2787"]
[TimeControl "180+1"]
[EndTime "9:08:12 PDT"]
[Termination "Game drawn by repetition"]

1. d4 Nf6 2. Bg5 d5 3. Nd2 c5 4. dxc5 e6 5. e4 h6 6. Bh4 Nc6 7. exd5 exd5 8. Nb3 g5 9. Bg3 Ne4 10. Nf3 Bxc5 11. Nxc5 Qa5+ 12. c3 Qxc5 13. Nd2 Nxg3 14.
hxg3 Bf5 15. Nb3 Qe7+ 16. Be2 O-O-O 17. Nd4 Be4 18. O-O h5 19. Re1 Qf6 20. Qa4 Nxd4 21. Qxd4 Qxd4 22. cxd4 Kc7 23. Rac1+ Kd6 24. Rc3 h4 25. gxh4 Rxh4 26. Rec1 Bf5 27. Rd1 Rdh8 28. f3 Rh1+ 29. Kf2 Rxd1 30. Bxd1 Rh1 31. Be2 Rb1 32.
Rb3 b6 33. Ba6 Bc2 34. Rb4 Ra1 35. a3 Rd1 36. Ke2 Rg1 37. Kf2 Rd1 38. g4 f5 39.
gxf5 Bxf5 40. Be2 Rd2 41. Ke3 Rc2 42. Bd1 Rc1 43. Kd2 Rc8 44. Rb3 Rf8 45. Rc3 Bd7 46.
Be2 Bc6 47. Rc1 Bd7 48. Rh1 Rf4 49. Ke3 Rf6 50. Rg1 Re6+ 51. Kd2 Rg6 52. Bd3 Rg8 53. Rh1 Rf8 54. Rh6+ Ke7 55. Be2 Rf6 56. Rh5 Rg6 57. Ke3 Kd6 58. Rh7 g4 59. fxg4 Bxg4 60. Bxg4 Rxg4 61.
Rxa7 Rg2 62. b4 Rg3+ 63. Kd2 Kc6 64. a4 Rb3 65. b5+ Kd6 66. Rb7 Rb4 67. Rxb6+ Kd7 68. Ra6 Rxd4+ 69. Kc3 Rg4 70. Kb3 Rf4 71. Rc6 Rf1 72.
a5 Rb1+ 73. Ka4 d4 74. Rc4 Rd1 75. Kb3 Rb1+ 76. Ka4 Rd1 77. Kb4 d3 78. Rd4+ Kc7 79. b6+ Kb7 80. Rd7+ Kc6 81. Rc7+ Kd6 82. Kc3 Rc1+ 83.
Kxd3 Rxc7 84. bxc7 Kxc7 85. Kc4 Kb7 86. Kb5 Ka7 87.
a6 Ka8 88. Ka5 Ka7 89. Kb5 Ka8 90. Kc6 Ka7 91. Kc5 Ka8 92. Kb5 Ka7 93. Kc5 Ka8 94. Kc6 Ka7 95. Kb5 1/2-1/2

[Event "Early-Titled-Tuesday-Blitz-September-12-2023"]
[Site "Chess.com"]
[Date "2023.09.12"]
[Round "6"]
[White "DenLaz"]
[Black "Andreikka"]
[Result "1/2-1/2"]
[WhiteElo "3081"]
[BlackElo "3011"]
[TimeControl "180+1"]
[EndTime "9:08:14 PDT"]
[Termination "Game drawn by repetition"]

1. d4 g6 2. c4 Bg7 3. Nf3 d6 4.
g3 Nd7 5. Bg2 e5 6. Nc3 Ne7 7. O-O O-O 8. dxe5 dxe5 9. Qc2 h6 10.
Rd1 Nf5 11. e3 c6 12. Rb1 Qe7 13. b4 Nf6 14. Nd2 h5 15. b5 Be6 16. Qa4 h4 17.
Ba3 c5 18. Nd5 Bxd5 19. cxd5 hxg3 20. hxg3 b6 21. d6 Nxd6 22. Bxa8 Rxa8 23. Nc4 Nde4 24. Qc2 Ng5 25. Qe2 Qe6 26. f3 e4 27. f4 Nf3+ 28. Kg2 Qg4 29. Qf2 Nh4+ 30. Kg1 Nh5 31. Kh2 Nf3+ 32.
Kg2 Nh4+ 33. Kh2 Nf5 34. Rg1 Rd8 35. Bb2 Bxb2 36. Rxb2 f6 37. Qe2 Nh6 38. Qxg4 Nxg4+ 39. Kh3 f5 40. Rd2 Rxd2 41. Nxd2 Nxe3 42. Re1 Nc2 43.
Rc1 Nd4 44. Re1 Nxb5 45. Nc4 Nd4 46. a4 Kf7 47. Rb1 Ke6 48. Na3 Nf6 49. a5 Nd5 50. axb6 axb6 51. Kg2 Kd7 52. Nc4 b5 53. Ne5+ Ke6 54. Nxg6 b4 55. Ne5 b3 56. Nc4 Nc3 57.
Ra1 Na2 58. Rb1 Kd5 59. Ne3+ Kc6 60. g4 fxg4 61. f5 Nc3 62. Rb2 Kd6 63. Kg3 Na4 64. Rb1 Nc3 65. Rb2 Nd5 66. Nc4+ Ke7 67. Kxg4 Kf6 68.
Nd6 e3 69. Ne4+ Ke5 70. Nxc5 Nxf5 71. Rxb3 Nd4 72. Rb1 e2 73. Nd3+ Ke4 74. Ne1 Ne3+ 75. Kg3 Nf1+ 76. Kf2 Ne3 77. Rb8 Ng4+ 78. Kg3 Ne5 79. Re8 Kf5 80. Kf2 Kf4 81. Ng2+ Ke4 82. Kg3 Nf5+ 83. Kf2 Nd4 84. Ne1 Kf4 85. Rf8+ Ke4 86. Re8 Kf4 1/2-1/2

[Event "Early-Titled-Tuesday-Blitz-September-12-2023"]
[Site "Chess.com"]
[Date "2023.09.12"]
[Round "6"]
[White "lolo9292"]
[Black "Payyappat"]
[Result "0-1"]
[WhiteElo "2198"]
[BlackElo "2493"]
[TimeControl "180+1"]
[EndTime "9:08:16 PDT"]
[Termination "Payyappat won on time"]

1. d4 Nf6 2. Nc3 c5 3. Nf3 e6 4.
e4 d5 5. exd5 exd5 6. Bb5+ Nc6 7. O-O Be6 8. Bg5 Be7 9. dxc5 O-O 10. Bxc6 bxc6 11. b4 a5 12. a3 Rb8 13. Rb1 axb4 14. axb4 h6 15. Bh4 Ne4 16. Nxe4 dxe4 17. Qxd8 Bxd8 18.
Bxd8 Rbxd8 19. Ne5 Bd5 20. c4 Be6 21. Nxc6 Rd3 22.
Rfc1 f5 23. b5 f4 24. b6 Bc8 25. b7 Bxb7 26. Rxb7 e3 27. f3 Ra8 28. Ne7+ Kh7 29. Nd5 e2 30. Kf2 Rd1 31. Kxe2 Rxc1 32. Nxf4 Rxc4 33.
Ne6 Re8 34. Kd3 Rc1 35. Nxg7 Ree1 36. Nf5+ Kg6 37. Ne7+ Kf6 38. Nd5+ Ke6 39. Nf4+ Ke5 40. Ng6+ Kf6 41. Nf4 Rxc5 42. Rb6+ Kf5 43. g3 Rd1+ 44. Ke2 Rdc1 45. Rd6 R5c2+ 46. Rd2 Rxd2+ 47. Kxd2 Rh1 48. Ke3 Rxh2 49. g4+ Kg5 50. Ne6+ Kf6 51. Nf4 Ke5 52. Nh5 Rh1 53. Kf2 Ra1 54. Kg3 Ke6 55. f4 Ra4 56. f5+ Ke5 57. Kh4 Rb4 58. f6 Ke6 59. Kg3 Kf7 60. Kf3 Kg6 61. Kg3 Rb5 62. Kh4 Rb4 63.
Kg3 Rb5 64. Kh4 Rb3 65. Nf4+ Kxf6 66. Nh5+ Kg6 67. Nf4+ Kf6 68. Nh5+ Kf7 69. Nf4 Rf3 70. Nh5 Kg6 71. Ng3 Ra3 72. Nh5 Ra4 73. Ng3 Ra1 74. Nh5 Rh1+ 75. Kg3 Kg5 76. Nf4 Rg1+ 77. Ng2 Ra1 78. Ne3 Ra3 79. Kf3 Rb3 80. Ke4 Rb4+ 81.
Kf3 Rf4+ 82. Kg3 Ra4 83. Kf3 Ra3 84. Ke4 Kf6 85. Kf4 Ra4+ 86. Kg3 Ke5 87. Kf3 Ra3 88. Ke2 Kf4 89. Nc4 Ra6 0-1

[Event "Early-Titled-Tuesday-Blitz-September-12-2023"]
[Site "Chess.com"]
[Date "2023.09.12"]
[Round "6"]
[White "masnyszachistaaa"]
[Black "vladoboch"]
[Result "1-0"]
[WhiteElo "2545"]
[BlackElo "2417"]
[TimeControl "180+1"]
[EndTime "9:08:20 PDT"]
[Termination "masnyszachistaaa won by checkmate"]

1. c4 e5 2. Nc3 Bb4 3. Nd5 Be7 4. g3 Nf6 5. Nxe7 c6 6. Nxc8 Qxc8 7. Bg2 d5 8. cxd5 cxd5 9. d3 Nc6 10. Nf3 O-O 11. O-O e4 12. dxe4 dxe4 13. Ng5 Qf5 14.
Qa4 Rfe8 15. Rd1 e3 16. Qf4 exf2+ 17. Qxf2 Qg6 18. Bf3 Ne5 19. Bf4 Neg4 20. Qg2 Ne3 21. Bxe3 Rxe3 22. Nh3 Qc2 23. Rab1 Rae8 24. Nf4 g5 25.
Nd3 g4 26. Nf4 gxf3 27. exf3 Qc5 28. Qf2 Qc6 29. Rf1 Nd5 30. Nxd5 Qxd5 31. Rbe1 Qd4 32. Rxe3 Rxe3 33. Kg2 Qe5 34. Kg1 b6 35. f4 Qe4 36.
Qg2 Qd3 37. f5 f6 38. g4 Kf7 39. Qf2 Re2 40. Qf3 Qd2 41. Qg3 Re7 42. g5 Qxg5 43. Qxg5 fxg5 44. Rf2 Kf6 45. Kg2 Re5 46. Rc2 Rxf5 47.
Rc7 h5 48. Rxa7 Rd5 49. b3 Rd2+ 50.
Kg3 h4+ 51. Kg4 Rd4+ 52. Kh3 Rd3+ 53. Kg2 Rd2+ 54. Kh3 Kf5 55. Rf7+ Kg6 56. Rb7 Rxa2 57. Rxb6+ Kh5 58. Rb5 Rb2 59. b4 Rb3+ 60. Kg2 Kg4 61.
h3+ Kf4 62. Rb8 Rb2+ 63. Kf1 Kf3 64. Rf8+ Kg3 65. Rg8 Kxh3 66. Rxg5 Rxb4 67. Kf2 Rf4+ 68. Ke3 Rf6 69. Rg8 Kh2 70. Ke2 h3 71. Rg7 Rf5 72.
Rg8 Rf4 73. Rg7 Rf8 74. Rg6 Kh1 75. Rg7 Rf5 76. Rg8 Ra5 77. Kf2 Ra2+ 78. Kf1 Rg2 79. Rh8 h2 80. Rh7 Rg1+ 81. Kf2 Ra1 82. Rh8 Ra2+ 83.
Kf1 Ra3 84. Kf2 Ra2+ 85. Kf1 Ra4 86. Kf2 Rg4 87. Ra8 Rg2+ 88. Kf3 Rg1 89. Kf2 Rd1 90. Rb8 Rd4 91. Rb1+ Rd1 92. Rxd1# 1-0

[Event "Early-Titled-Tuesday-Blitz-September-12-2023"]
[Site "Chess.com"]
[Date "2023.09.12"]
[Round "6"]
[White "temus_galaktionov"]
[Black "BillieKimbah"]
[Result "1/2-1/2"]
[WhiteElo "2827"]
[BlackElo "3016"]
[TimeControl "180+1"]
[EndTime "9:08:21 PDT"]
[Termination "Game drawn - insufficient material"]

1. d4 Nf6 2. Nf3 d5 3. c4 e6 4. Nc3 h6 5. cxd5 exd5 6. Bf4 Bd6 7. Be5 c6 8. e3 Qe7 9. Bd3 Nbd7 10. Bxd6 Qxd6 11. O-O O-O 12. Qc2 Re8 13. Rab1 a5 14. a3 Qe7 15. b4 axb4 16. axb4 b5 17. Ne2 Bb7 18. Nc1 Nb6 19. Nb3 Nc4 20. Bxc4 dxc4 21. Nc5 Bc8 22. Ne5 Qc7 23. Ra1 Rxa1 24. Rxa1 Nd5 25.
Rb1 f6 26. Nf3 Rd8 27. h3 Qe7 28. Nh2 Be6 29. Nf1 Ra8 30. Ng3 Bf7 31. e4 Nf4 32. Ne2 Nxe2+ 33. Qxe2 Ra3 34. Qd2 Qa7 35. d5 Ra1 36. Rd1 c3 37. Qd3 cxd5 38. exd5 Bg6 39. Rxa1 Qxa1+ 40. Qf1 Qxf1+ 41. Kxf1 Bf7 42. Ke2 Bxd5 43.
g3 Bc4+ 44. Ke3 g5 45. Ne4 c2 46. Kd2 Kg7 47. Kxc2 Bf1 48. Nc3 Kg6 49. Kd2 h5 50.
Ke3 Kf5 51. f3 h4 52. gxh4 gxh4 53. Kf2 Bc4 54. Ke3 Ke5 55. f4+ Kf5 56. Ne4 Bf1 57.
Nc3 Ke6 58. Kf3 Kf5 59. Ke3 Bxh3 60. Nxb5 Bf1 61. Nd4+ Kg4 62. Kf2 Bc4 63. b5 Bd5 64. Kg1 Kxf4 65. Kh2 Kg4 66. b6 f5 67. Nb5 f4 68.
Nd6 f3 69. b7 Bxb7 70. Nxb7 h3 71. Kg1 Kg3 72. Nc5 f2+ 73. Kf1 Kf3 74. Nd3 h2 75.
Nxf2 Ke3 76. Nh1 Kf3 77. Nf2 Ke3 78. Kg2 Ke2 79. Nh1 Ke3 80. Kxh2 1/2-1/2

[Event "Early-Titled-Tuesday-Blitz-September-12-2023"]
[Site "Chess.com"]
[Date "2023.09.12"]
[Round "6"]
[White "Quattroporte300"]
[Black "M_One1126"]
[Result "0-1"]
[WhiteElo "2404"]
[BlackElo "2572"]
[TimeControl "180+1"]
[EndTime "9:08:21 PDT"]
[Termination "M_One1126 won on time"]

1. e4 c5 2. Nf3 a6 3. c3 d5 4. exd5 Qxd5 5. d4 Nf6 6. Be2 Bf5 7. O-O cxd4 8. cxd4 Bxb1 9. Rxb1 e6 10. b3 Nc6 11.
Bb2 Be7 12. Bc4 Qh5 13. Ne5 Qxd1 14. Rfxd1 Nb4 15. a3 Nbd5 16. Rbc1 O-O 17. b4 Rfd8 18. Nd3 a5 19. b5 Rac8 20. Bb3 h5 21. Kf1 g6 22. g3 Rxc1 23. Rxc1 g5 24. Ke2 g4 25. Nc5 b6 26. Na6 Ne4 27. Nc7 Bg5 28. Rc6 Nxc7 29. Rxc7 Bf6 30. Ke3 Nd6 31. a4 Nf5+ 32. Ke2 Bxd4 33.
Bc1 Bc5 34. Be3 Nxe3 35. fxe3 Re8 36. e4 Kg7 37. Kd3 Kf6 38. e5+ Kg6 39. Ke4 Rd8 40.
Bc2 Rd4+ 41. Ke3+ Kg7 42. Ke2 Rd5 43. Bb3 Rxe5+ 44. Kd2 Re3 45. Rxc5 Rxb3 46. Rc6 Ra3 47. Rxb6 Rxa4 48. Ra6 Ra2+ 49. Ke3 a4 50. b6 Rb2 51. Kf4 Kf6 52. Ke3 Rb3+ 53. Ke2 Kg5 54. Ra5+ f5 55. Ra6 e5 56. Rxa4 Rxb6 57. Ra8 Rg6 58. Kf2 h4 59. Rh8 hxg3+ 60. hxg3 Rd6 61. Re8 Kf6 62.
Rf8+ Ke6 63. Re8+ Kd5 64. Rf8 Ke4 65. Ra8 Rd2+ 66. Ke1 Rd3 67. Kf2 Rf3+ 68. Kg2 Rb3 69. Ra4+ Ke3 70. Ra1 Rd3 71. Re1+ Kd4 72. Rf1 Rd2+ 73.
Kg1 Ke4 74. Re1+ Kf3 75. Rxe5 Rd1+ 76. Kh2 Rd2+ 77. Kg1 Kxg3 78. Re3+ Kf4 79. Ra3 g3 80. Ra4+ Kf3 81. Ra3+ Kg4 82. Ra4+ f4 83. Ra8 Rc2 84.
Rg8+ Kf3 85. Re8 Rc1+ 0-1

[Event "Early-Titled-Tuesday-Blitz-September-12-2023"]
[Site "Chess.com"]
[Date "2023.09.12"]
[Round "6"]
[White "econpower"]
[Black "Rsnr"]
[Result "1/2-1/2"]
[WhiteElo "2751"]
[BlackElo "2916"]
[TimeControl "180+1"]
[EndTime "9:08:24 PDT"]
[Termination "Game drawn by repetition"]

1. d4 d5 2. Nf3 Nf6 3. c4 e6 4.
g3 Bb4+ 5. Bd2 Be7 6. Bg2 O-O 7. O-O Nbd7 8. Qc2 c6 9. Bf4 b6 10. Nbd2 Nh5 11. Be3 Bb7 12. cxd5 cxd5 13. Rac1 Bd6 14. Nb1 Qe7 15. Qa4 a6 16. Bg5 Nhf6 17. Qb3 h6 18.
Bf4 Bxf4 19. gxf4 Qd6 20. Ne5 Rfc8 21. a4 a5 22. Qa3 Qb4 23. e3 Ba6 24. Rfe1 Qxa3 25.
Nxa3 Rxc1 26. Rxc1 Rc8 27. Rxc8+ Bxc8 28. Bf1 Ne4 29. f3 Nd6 30. Nb5 Nf5 31. Kf2 f6 32. Nxd7 Bxd7 33. Bd3 Bxb5 34. Bxb5 Nd6 35. b3 Kf7 36. Bd3 f5 37. h4 Kg6 38. Kg3 Kh5 39. Be2 g5 40. hxg5 hxg5 41. fxg5 Kxg5 42. Bd3 Nc8 43.
Ba6 Ne7 44. Bd3 Ng6 45. f4+ Kf6 46. Bb5 Ne7 47. Bd7 Kf7 48. Bb5 Ng8 49. Bd3 Nf6 50.
Kh4 Kg6 51. Kg3 Kh5 52. Kh3 Kh6 53. Kg3 Ng4 54. Kf3 Kh5 55. Bb5 Nf6 56. Ba6 Kg6 57. Bc8 Kf7 58. Ba6 Ne4 59. Ke2 Kf6 60. Bd3 Nd6 61.
Kf3 Kg6 62. Kg3 Kh5 63. Kh3 Kh6 64. Kg3 Kg6 65. Kf3 Ne8 66. Bb5 Nf6 67. Bd3 Ng4 68.
Ba6 Kf6 69. Bd3 Nh6 70. Ba6 Nf7 71. Bd3 Nd6 72. Kg3 Kg6 73. Kf3 Kh5 74. Kg3 Ne8 75. Bb5 Nf6 76. Be2+ Kg6 77. Bd3 Nd7 78. Bb5 Nf8 79. Bd3 Kf6 80. Bb5 Ng6 81. Bd3 Ne7 82. Bb5 Kg6 83. Bd7 Kf7 84. Bb5 Nc8 85. Bd3 Na7 86.
Kf3 Nc6 87. Bb5 Nb4 88. Ke2 Kf6 89.
Kd2 Kg6 90. Be8+ Kf6 91. Bb5 Kg6 92. Be8+ Kf6 93. Bb5 1/2-1/2

[Event "Early-Titled-Tuesday-Blitz-September-12-2023"]
[Site "Chess.com"]
[Date "2023.09.12"]
[Round "6"]
[White "ErikRonka"]
[Black "Zheenbekov86"]
[Result "1/2-1/2"]
[WhiteElo "2522"]
[BlackElo "2408"]
[TimeControl "180+1"]
[EndTime "9:08:33 PDT"]
[Termination "Game drawn by repetition"]

1. e4 e5 2. Nf3 Nc6 3. Nc3 Nf6 4.
d4 exd4 5. Nxd4 Bb4 6. Nxc6 bxc6 7.
Bd3 d5 8. exd5 cxd5 9. O-O O-O 10. h3 c6 11. Qf3 h6 12. Bf4 Be6 13. Na4 Bd6 14.
a3 a5 15. Rfe1 c5 16. Rad1 Bxf4 17. Qxf4 Rc8 18. Bf5 Bxf5 19. Qxf5 Re8 20. Rxe8+ Qxe8 21. Nb6 Rd8 22. Nxd5 Nxd5 23. Rxd5 Qe1+ 24. Kh2 Rxd5 25. Qxd5 Qxf2 26. Qe4 g6 27. b3 h5 28. c3 h4 29. b4 Qg3+ 30. Kg1 Qxc3 31. Qa8+ Kg7 32. Qxa5 Qe1+ 33. Kh2 c4 34. Qc5 Qg3+ 35. Kg1 c3 36. b5 Qe1+ 37. Kh2 Qd2 38. b6 c2 39. Qe5+ Kh7 40. b7 Qd3 41. b8=Q Qg3+ 42. Qxg3 hxg3+ 43.
Qxg3 c1=Q 44. Qh4+ Kg7 45. Qd4+ Kg8 46. a4 Qc7+ 47. Kg1 Qc1+ 48. Kf2 Qc2+ 49. Kf3 Qb3+ 50. Ke4 Qc2+ 51. Kd5 Qxg2+ 52. Kc5 Qxh3 53. a5 Qc8+ 54. Kb6 Qb8+ 55. Kc6 Qa8+ 56. Kb5 Qb7+ 57. Qb6 Qd5+ 58. Qc5 Qb7+ 59. Qb6 Qd5+ 60. Kb4 Qe4+ 61. Kc5 Qe5+ 62.
Kc6 Qe4+ 63. Kc7 Qe7+ 64. Kb8 Qe5+ 65. Qc7 Qb5+ 66. Kc8 Qa6+ 67. Kd8 Qa8+ 68. Kd7 Qd5+ 69. Kc8 Qa8+ 70. Kd7 Qd5+ 71. Ke7 Qe4+ 72. Kd6 Qd4+ 73. Kc6 Qc4+ 74. Kb7 Qb5+ 75. Qb6 Qd7+ 76. Ka6 Qd3+ 77.
Ka7 Qd7+ 78. Ka8 Qd5+ 79. Kb8 Qe5+ 80. Qc7 Qb5+ 81. Ka8 Qd5+ 82. Ka7 Qd4+ 83. Qb6 Qd7+ 84. Kb8 Qe8+ 85. Ka7 Qd7+ 1/2-1/2